 Dungeon Crawl Stone Soup version 0.28-a0-268-g3f656e82c2 (webtiles) character file.

Game seed: 14668017132854268004

14 rogsnak the Magician (level 2, -1/18 HPs)
             Began as a Djinni Fire Elementalist on Aug 28, 2021.
             Was a Follower of Hepliaklqana.
             Engulfed by a cloud of flame (3 damage)
             ... on level 1 of the Dungeon.
             The game lasted 00:01:12 (1331 turns).

rogsnak the Magician (Djinni Fire Elementalist)     Turns: 1331, Time: 00:01:12

Health: -1/18      AC:  3    Str:  7    XL:     2   Next: 60%
Gold:   53         EV: 12    Int: 16    God:    Hepliaklqana [*.....] SH:  0 Dex: 13

rFire   + + .      SeeInvis .   (no weapon)
rCold   x . .      Faith    .   (no shield)
rNeg    . . .      Spirit   .   a - +0 robe
rPois   ∞          Reflect  .   (no helmet)
rElec   .          Harm     .   f - +0 cloak
rCorr   .          Rampage  .   (no gloves)
Will    .....                   (boots unavailable)
Stlth   ++........              (no amulet)
HPRegen 0.06/turn               (no ring)
MPRegen 0.00/turn               (no ring)

@: flying
A: reduced essence, sickness immunity, fire resistance 2, cold vulnerability 1,
float, innate caster, hp casting, extra vitality 1
a: Renounce Religion, Recall Ancestor, Ancestor Identity


You were on level 1 of the Dungeon.
You worshipped Hepliaklqana.
Hepliaklqana was aware of your devotion.
You visited 1 branch of the dungeon, and saw 1 of its levels.

You collected 53 gold pieces.

Inventory:

Hand Weapons
 g - a +0 club
Missiles
 h - 52 stones
Armour
 a - a +0 robe (worn)
 f - a +0 cloak (worn)
Scrolls
 b - a scroll of torment {unknown}
 e - a scroll of fog {unknown}
Potions
 c - 2 potions of curing {unknown}
 d - a potion of degeneration {unknown}


   Skills:
 + Level 0.1 Fighting
 + Level 2.4 Dodging
 - Level 1.6 Stealth
 + Level 2.9 Spellcasting


You couldn't memorise any spells.
You knew the following spells:

 Your Spells              Type           Power      Damage    Failure   Level
a - Foxfire               Conj/Fire      44%        2x1d6     6%          1
b - Conjure Flame         Conj/Fire      11%        6-21      17%         3
c - Inner Flame           Hex/Fire       11%        N/A       17%         3
d - Sticky Flame          Conj/Fire      11%        2d3       50%         4
e - Fireball              Conj/Fire      5%         3d5       85%         5
Your spell library was empty.

Dungeon Overview and Level Annotations

Branches:
Dungeon (1/15)

Altars:
Hepliaklqana


Innate Abilities, Weirdness & Mutations

Your life essence is reduced to manifest your ancestor. (-10% HP)
You are immune to sickness and miasma.
You are immune to poison.
Your flesh is very heat resistant. (rF++)
You are vulnerable to cold. (rC-)
You float through the air rather than walking.
You learn spells naturally, not from books.
Your magical power is your life essence.
You have superior vitality. (+4 HP)


Message History

You swap places.
You see here a bat corpse.
There is a stone staircase leading down here.
You see here 18 stones.
You swap places.
Found 13 stones.
You see here 13 stones.
A kobold comes into view. It is wielding a +0 club.
The kobold shouts!
A kobold is nearby!
Casting: Foxfire (safe; 6% risk of failure)
Confirm with . or Enter, or press ? or * to list all spells.
You don't know that spell.
You hit the kobold but do no damage.
Aylmer closely misses the kobold.
The kobold hits you with a +0 club.
You hit the kobold but do no damage.
Aylmer hits the kobold.
The kobold hits you with a +0 club.
You hit the kobold but do no damage.
The kobold is severely wounded.
Aylmer hits the kobold.
The kobold dies!
Things that are here:
a +0 club; 2 stones
g - a +0 club;
h - 2 stones You swap places.
h - 15 stones (gained 13)
h - 33 stones (gained 18)
You swap places.
h - 39 stones (gained 6)
You see here a +0 hunting sling.
There is a stone staircase leading down here.
h - 52 stones (gained 13) Partly explored, can't reach some items and places.
Really fly into a travel-excluded area?
Really fly into that cloud of flame?
You are engulfed in blazing flames.
You resist.
You are engulfed in blazing flames.
You resist.
* * * LOW HITPOINT WARNING * * *
You are engulfed in blazing flames.
You resist.
You die...

#........ ## #........
.# ##....... ☼°#
######.. §§# #.. ○☼§#
###.. ######...#####
#....
##.§○☼.$$$.§☼○.###.>).
#..°§@...$.○§§..##....
#.R○☼§.$.$.☼§☼........
#.#####...########....
#.# ○§°# #.... #.# §○#
#.... #.# §☼# #....
#.# .# #####.... #.#
## #........ #.#
#........


You could see the friendly Aylmer the ancestor.

Vanquished Creatures
  2 giant cockroaches (D:1)
  2 goblins (D:1)
  2 hobgoblins (D:1)
  A quokka (D:1)
  2 bats (D:1)
  A frilled lizard (D:1)
  A kobold (D:1)
11 creatures vanquished.

Vanquished Creatures (collateral kills)
  An endoplasm (D:1)
  A kobold (D:1)
2 creatures vanquished.

Vanquished Creatures (others)
  41 foxfires (D:1)
41 creatures vanquished.

Grand Total: 54 creatures vanquished

Notes
Turn   | Place    | Note
-------+----------+-------------------------------------------
     0 | D:1      | rogsnak the Djinni Fire Elementalist began the quest for
                  | the Orb.
     0 | D:1      | Reached XP level 1. HP: 15/15 MP: 0/0
    63 | D:1      | Found a faded altar of an unknown god.
    73 | D:1      | Became a worshipper of Hepliaklqana the Forgotten
    73 | D:1      | Reached * piety under Hepliaklqana
   370 | D:1      | Reached XP level 2. HP: 14/18 MP: 0/0
  1331 | D:1      | Engulfed by a cloud of flame

Illustrated notes

Levels and vault maps discovered:
D:1:      zelgadis_glass_arrival_small, layout_basic,
          chequers_ecumenical_altar_simple, lemuel_flame_loot_1

Action                   || total
-------------------------++-------
Melee: Unarmed           ||     4
 Cast: Foxfire           ||    26
Armor: Robe              ||     2
Dodge: Dodged            ||     7

Table legend: (Time is in decaauts)
 A = Elapsed time spent in this place.
 B = Non-inter-level travel time spent in this place.
 C = Inter-level travel time spent in this place.
 D = Time resting spent in this place.
 E = Time spent auto-exploring this place.
 F = Levels seen in this place.
 G = Mean time per level.
                   A        B        C        D        E       F      G
               +--------+--------+--------+--------+--------+-----+--------+
         Total |   1331 |   1331 |      0 |      0 |   1224 |   1 | 1331.0 |
       Dungeon |   1331 |   1331 |      0 |      0 |   1224 |   1 | 1331.0 |
               +--------+--------+--------+--------+--------+-----+--------+

Top non-repeatable levels by time:
     D:1: 1331 daAuts
